Map: Frozen Temple

Players

Psyence

  • Race: Protoss Protoss
  • League: Silver

Gracz - Winner!

  • Race: Protoss Protoss
  • League: Silver

VOD

Have the link to the VOD?

Description

Time

  • Played on: Oct. 13, 2016, 12:24 p.m.
  • Length: 11:17
Show
View Real Time Build Order
Export as new Build Order

Psyence Protoss 

Build Orders:  

Get SALT Encoding   

  12  0:04  Probe (Chrono Boost)  
  13  0:14  Probe (Chrono Boost)  
  14  0:29  Probe (Chrono Boost)  
  15  0:39  Pylon  
  15  0:48  Assimilator  
  16  0:57  Probe (Chrono Boost)  
  16  0:58  Gateway  
  16  1:10  Pylon  
  17  1:18  Probe (Chrono Boost)  
  17  1:29  Forge, Probe (Chrono Boost)  
  18  1:32  Gateway  
  18  1:39  Probe (Chrono Boost)  
  19  1:50  Probe (Chrono Boost)  
  20  1:57  Cybernetics Core  
  20  2:01  Pylon  
  20  2:06  Photon Cannon  
  20  2:16  Photon Cannon  
  20  2:22  Photon Cannon  
  20  2:25  Warp Gate  
  21  2:30  Probe (Chrono Boost)  
  21  2:35  Assimilator  
  21  2:46  Protoss Ground Weapons Level 1  
  21  2:51  Zealot  
  23  2:52  Adept  
  25  3:00  Probe (Chrono Boost)  
  28  3:21  Mothership Core (Chrono Boost)  
  28  3:26  Pylon  
  28  3:40  Adept  
  30  3:41  Adept  
  30  4:31  Stalker  
  30  4:32  Stalker  
  34  4:55  Adept  
  34  4:56  Adept  
  38  5:11  Gateway x2  
  38  5:14  Gateway  
  38  5:18  Twilight Council  
  38  5:23  Nexus  
  34  5:53  Protoss Ground Armor Level 1  
  32  6:09  Adept  
  32  6:10  Adept x2  
  32  6:11  Adept x2  
  34  6:37  Adept  
  34  6:38  Adept x2  
  34  6:39  Adept x2  
  44  6:43  Resonating Glaives  
  45  6:48  Probe (Chrono Boost)  
  45  7:00  Probe (Chrono Boost)  
  46  7:06  Adept x2  
  52  7:09  Mothership Core (Chrono Boost)  
  52  7:12  Probe (Chrono Boost)  
  53  7:24  Probe (Chrono Boost)  
  54  7:33  Adept x3  
  54  7:34  Adept  
  58  7:46  Pylon  
  58  7:47  Pylon  
  58  7:50  Pylon  
  58  8:03  Robotics Facility  
  50  8:16  Adept  
  50  8:17  Adept x2  
  50  8:18  Adept x2  
  60  8:32  Charge  
  61  8:35  Probe (Chrono Boost)  
  61  8:37  Protoss Shields Level 1  
  61  8:38  Probe (Chrono Boost)  
  62  8:47  Probe (Chrono Boost)  
  63  8:49  Probe (Chrono Boost)  
  64  8:59  Probe (Chrono Boost)  
  57  9:31  Immortal  
  61  10:05  Zealot x2  
  61  10:06  Zealot x2  
  69  10:16  Cybernetics Core  
  54  10:56  Zealot x2  
  46  10:57  Zealot x2  
Show
View Real Time Build Order
Export as new Build Order

Gracz Protoss - Winner!

Build Orders:  

Get SALT Encoding   

  12  0:02  Probe (Chrono Boost)  
  13  0:14  Pylon  
  13  0:23  Probe (Chrono Boost)  
  14  0:30  Assimilator  
  14  0:34  Probe (Chrono Boost)  
  15  0:42  Pylon  
  15  0:44  Probe (Chrono Boost)  
  16  0:57  Gateway  
  16  1:03  Gateway  
  16  1:13  Probe (Chrono Boost)  
  17  1:23  Probe (Chrono Boost)  
  18  1:34  Probe (Chrono Boost)  
  18  1:37  Assimilator  
  19  1:41  Gateway  
  19  1:46  Gateway  
  19  1:58  Cybernetics Core  
  19  2:02  Probe (Chrono Boost)  
  20  2:12  Pylon  
  20  2:13  Probe (Chrono Boost)  
  21  2:17  Pylon  
  21  2:36  Warp Gate  
  21  2:38  Mothership Core (Chrono Boost)  
  23  2:48  Adept x2  
  27  2:53  Adept  
  27  2:56  Probe (Chrono Boost)  
  27  2:57  Adept  
  32  3:40  Nexus  
  32  3:43  Pylon  
  32  3:53  Probe (Chrono Boost)  
  33  4:05  Probe (Chrono Boost)  
  32  4:50  Gateway  
  28  4:56  Gateway  
  28  5:10  Probe x2 (Chrono Boost)  
  28  5:11  Stalker  
  28  5:12  Stalker x3  
  38  5:18  Gateway  
  38  5:20  Gateway  
  38  5:21  Probe (Chrono Boost)  
  40  5:22  Probe (Chrono Boost)  
  36  5:34  Probe (Chrono Boost)  
  35  5:38  Stalker x2  
  35  5:39  Stalker x2  
  39  5:45  Mothership Core (Chrono Boost)  
  35  6:03  Stalker x3  
  41  6:06  Sentry  
  43  6:37  Pylon  
  43  6:39  Pylon  
  43  6:43  Robotics Facility x2  
  43  6:52  Stalker x2  
  47  6:54  Sentry  
  47  7:00  Stalker  
  51  7:25  Stalker x4  
  59  7:48  Immortal x2  
  67  8:07  Stalker x2  
  71  8:13  Assimilator  
  71  8:15  Assimilator  
  71  8:27  Nexus  
  71  8:33  Stalker x2  
  75  8:40  Probe x2 (Chrono Boost)  
  77  8:52  Probe (Chrono Boost)  
  78  9:03  Pylon  
  74  10:10  Stalker x4  
  74  10:11  Stalker x4  
Tags
 
Add a new tag
Caveats
  • Supply blocks, unpowered buildings, or Contaminate may cause inaccurate times.
  • Supply counts are checked every 10 seconds.